 Dungeon Crawl Stone Soup version 0.25-b1-46-gb8a1ec05df (webtiles) character file.

Game seed: 16458970566728991088

1309 Peloso the Slasher (level 8, -1/61 HPs)
             Began as a Demonspawn Fighter on June 10, 2020.
             Was an Initiate of Okawaru.
             Splashed by a brown ugly thing's acid (7 damage)
             ... on level 6 of the Dungeon.
             The game lasted 00:12:39 (5773 turns).

Peloso the Slasher (Demonspawn Fighter)             Turns: 5773, Time: 00:12:41

Health: -1/61      AC:  9    Str: 21    XL:     8   Next: 32%
Magic:  8/8        EV:  6    Int: 10    God:    Okawaru [......]
Gold:   193        SH: 10    Dex: 12    Spells: 7/7 levels left

rFire    . . .     SeeInvis .   a - +3 scimitar
rCold    . . .     Gourm    .   c - +0 kite shield
rNeg     . . .     Faith    .   u - +0 chain mail "Siamuan" {Regen+} (curse)
rPois    .         Spirit   .   j - +0 helmet
rElec    .         Reflect  .   q - +0 cloak
rCorr    .         Harm     .   (no gloves)
MR       .....     Clarity  +   (no boots)
Stlth    ..........             (no amulet)
HPRegen  0.60/turn              (no ring)
MPRegen  0.11/turn              (no ring)

@: mighty, corroded
A: claws 2, iridescent scales 1, clarity, spiny 1, strong 1
a: Renounce Religion


You were on level 6 of the Dungeon.
You worshipped Okawaru.
Okawaru was noncommittal.
You were not hungry.

You visited 2 branches of the dungeon, and saw 7 of its levels.

You collected 440 gold pieces.
You spent 247 gold pieces at shops.

Inventory:

Hand Weapons
 a - a +3 scimitar (weapon)
 b - a +0 short sword of flaming
Armour
 c - a +0 kite shield (worn)
 i - a +0 chain mail
 j - a +0 helmet (worn)
 q - a +0 cloak (worn)
 u - the cursed +0 chain mail "Siamuan" (worn) {Regen+}
   (You bought it in a shop on level 6 of the Dungeon)

   It increases your rate of regeneration.
   It has a curse placed upon it.
Jewellery
 w - an uncursed amulet of faith
 x - an uncursed ring of flight
Wands
 o - a wand of flame (13)
 v - a wand of iceblast (11)
Scrolls
 e - 3 scrolls of remove curse
 m - a scroll of immolation {unknown}
 n - 5 scrolls of teleportation {unknown}
 p - 3 scrolls of blinking {unknown}
 s - a scroll of magic mapping {unknown}
 y - a scroll of fog {unknown}
Potions
 d - 2 potions of might
 g - 3 potions of curing
 k - a potion of berserk rage
 l - 2 potions of haste
 r - a potion of cancellation
 t - a potion of ambrosia {unknown}
Comestibles
 f - 20 rations
 h - 4 chunks of flesh


   Skills:
 + Level 4.3 Fighting
 + Level 6.5 Long Blades
 + Level 4.0 Armour
 + Level 2.0 Dodging
 + Level 5.4 Shields


You had 7 spell levels left.
You didn't know any spells.
Your spell library contained the following spells:

 Spells                   Type           Power        Failure   Level  Hunger
 Corona                   Hex            #......      100%        1    ##.....
 Ensorcelled Hibernation  Hex/Ice        #.....       100%        2    ###....
 Confusing Touch          Hex            #.......     100%        3    ####...
 Dazzling Flash           Conj/Hex       #.....       100%        3    ####...
 Tukima's Dance           Hex            #.......     100%        3    ####...


Dungeon Overview and Level Annotations

Branches:
Dungeon (6/15)             Temple (1/1) D:6

Altars:
Ashenzari
Cheibriados
Dithmenos
Elyvilon
Fedhas
Gozag
Hepliaklqana
Kikubaaqudgha
Makhleb
Nemelex Xobeh
Okawaru
Qazlal
Ru
Sif Muna
Trog
Uskayaw
Vehumet
Wu Jian
Xom
Yredelemnul
Zin
The Shining One

Shops:
D:6 [


Innate Abilities, Weirdness & Mutations

You have very sharp fingernails.
You are partially covered in iridescent scales. (AC +2)
You are partially covered in sharp spines.
You possess an exceptional clarity of mind.
Your muscles are strong. (Str +2)


Message History

The brown ugly thing punches you but does no damage.
Okay, then.
Okay, then.
You hit the brown ugly thing.
The brown ugly thing is moderately wounded.
The brown ugly thing punches you!
You are splashed with acid!
* * * LOW HITPOINT WARNING * * *
You slice the brown ugly thing!!
The brown ugly thing is heavily wounded.
You block the brown ugly thing's attack.
You slash the brown ugly thing!
The brown ugly thing is severely wounded.
You block the brown ugly thing's attack.
You hit the brown ugly thing.
The brown ugly thing is severely wounded.
The brown ugly thing punches you but does no damage.
The brown ugly thing punches you!
* * * LOW HITPOINT WARNING * * *
You are splashed with acid!
You die...

##...#.....'...#
#..#########..#
#..#......)#..#
#..'†.....!#..#
#..#..≈...!#..#
#..#########(.#
##..#.)..((((.#
##u#.....#.###
#@#######.#
#..#...#..#
##.##.##.##
#..#÷#..#
##.....##
#######


You could see a brown ugly thing.

Vanquished Creatures
  A sky beast (D:3)
  2 centaurs (D:6)
  2 bullfrogs (D:6)
  A scorpion (D:5)
  3 wights (D:6)
  A howler monkey (D:4)
  4 crimson imps (D:6)
  An orc priest (D:6)
  2 hounds
  3 orc wizards
  A bullfrog skeleton (D:4)
  4 worker ants
  Robin (D:2)
  4 gnolls
  8 adders
  A shadow imp (D:6)
  2 oozes
  An adder zombie (D:6)
  2 adder skeletons
  2 worms
  A dart slug (D:2)
  4 leopard geckos
  20 orcs
  3 ball pythons
  5 giant cockroaches
  18 goblins
  14 hobgoblins
  11 jackals
  2 quokkas (D:6)
  4 bats
  5 frilled lizards
  7 kobolds
  A leopard gecko zombie (D:6)
  3 rats
144 creatures vanquished.

Notes
Turn   | Place    | Note
-------+----------+-------------------------------------------
     0 | D:1      | Peloso the Demonspawn Fighter began the quest for the Orb.
     0 | D:1      | Reached XP level 1. HP: 18/18 MP: 1/1
   178 | D:1      | Gained mutation: You are partially covered in iridescent
                  | scales. (AC +2) [demonic ancestry]
   178 | D:1      | Reached XP level 2. HP: 20/24 MP: 2/2
   468 | D:1      | Reached skill level 2 in Long Blades
   659 | D:1      | Reached XP level 3. HP: 23/29 MP: 3/3
  1109 | D:2      | Noticed Robin
  1141 | D:2      | Killed Robin
  1141 | D:2      | Reached XP level 4. HP: 19/35 MP: 4/4
  1422 | D:2      | Reached skill level 3 in Long Blades
  1923 | D:2      | Found an ancient bone altar of Kikubaaqudgha.
  2427 | D:3      | Gained mutation: You have sharp fingernails. [demonic
                  | ancestry]
  2427 | D:3      | Reached XP level 5. HP: 41/41 MP: 5/5
  2822 | D:3      | Noticed a sky beast
  2854 | D:3      | Killed a sky beast
  3096 | D:3      | Gained mutation: Your muscles are strong. (Str +2) [potion
                  | of mutation]
  3096 | D:3      | Gained mutation: You possess an exceptional clarity of
                  | mind. [potion of mutation]
  3121 | D:4      | Reached skill level 4 in Long Blades
  3252 | D:4      | Gained mutation: You have very sharp fingernails. [demonic
                  | ancestry]
  3252 | D:4      | Reached XP level 6. HP: 48/48 MP: 6/6
  3536 | D:4      | Reached skill level 1 in Dodging
  4151 | D:5      | Entered Level 5 of the Dungeon
  4490 | D:5      | Reached XP level 7. HP: 49/53 MP: 7/7
  4954 | D:6      | Found Beveonug's Antique Armour Emporium.
  4961 | D:6      | Bought an aquamarine-encrusted chain mail for 247 gold
                  | pieces
  4973 | D:6      | Identified the cursed +0 chain mail "Siamuan" {Regen+} (You
                  | bought it in a shop on level 6 of the Dungeon)
  4999 | D:6      | Reached skill level 5 in Long Blades
  5136 | D:6      | Reached skill level 5 in Shields
  5168 | D:6      | Found a hazy altar of Hepliaklqana.
  5378 | D:6      | Gained mutation: You are partially covered in sharp spines.
                  | [demonic ancestry]
  5378 | D:6      | Reached XP level 8. HP: 51/60 MP: 8/8
  5384 | D:6      | Reached skill level 6 in Long Blades
  5418 | D:6      | Found a staircase to the Ecumenical Temple.
  5432 | Temple   | Entered the Ecumenical Temple
  5502 | Temple   | Became a worshipper of Warmaster Okawaru
  5754 | D:6      | Noticed a brown ugly thing
  5773 | D:6      | Splashed by a brown ugly thing's acid

Illustrated notes

Levels and vault maps discovered:
D:1:      saegor_arrival_simple_d, layout_rooms
D:2:      layout_loops_cross, lemuel_coloured_pillars_altar, grunt_ministairs_2,
          minmay_diced_spiral, uniq_robin
D:3:      layout_rooms
D:4:      layout_basic, first_ration, glass_columns_b
D:5:      layout_loops_ring
D:6:      layout_basic, minmay_temple_entry_water_ring, serial_shops,
          nicolae_shop_behind_doors, basic_altar, minmay_divided_ellipse
Temple:   nicolae_temple_the_god_donut

Skill      XL: |  1  2  3  4  5  6  7  8 |
---------------+-------------------------+-----
Long Blades    | 2 3 4 5 6 |  6.5
Shields        | 3 4 5 |  5.4
Armour         | 3 4 |  4.0
Dodging        | 1 2 |  2.0
Fighting       | 4 |  4.3

Action                   |  1- 3 |  4- 6 |  7- 9 || total
-------------------------+-------+-------+-------++-------
Melee: Long sword        |   119 |   317 |   163 ||   599
       Scimitar          |       |       |    18 ||    18
  Use: Potion            |       |     2 |     2 ||     4
       Scroll            |       |     4 |       ||     4
  Eat: Chunk             |     1 |    11 |     5 ||    17
Armor: Scale mail        |    15 |       |       ||    15
       Chain mail        |    83 |   196 |   106 ||   385
Dodge: Dodged            |    42 |    53 |    50 ||   145
Block: Kite shield       |    93 |   187 |    85 ||   365
       Rpst.: Long sword |    17 |    19 |    20 ||    56
       Scimitar          |       |       |     2 ||     2
